 Dungeon Crawl Stone Soup version 0.25.0-1-g7eea58d (webtiles) character file.

Game seed: 4407023844681214970

6144 malesh the Fighter (level 10, -3/88 HPs)
             Began as a Barachi Fighter on June 16, 2020.
             Was a Follower of Cheibriados.
             Slain by a large abomination (20 damage)
             ... on level 3 of the Abyss.
             The game lasted 00:43:59 (12341 turns).

malesh the Fighter (Barachi Fighter)               Turns: 12341, Time: 00:43:59

Health: -3/88      AC: 25    Str: 24    XL:     10   Next: 90%
Magic:  9/12       EV: 10    Int: 12    God:    Cheibriados [*.....]
Gold:   320        SH: 10    Dex: 14    Spells: 9/9 levels left

rFire    . . .     SeeInvis .   a - +1 long sword
rCold    . . .     Gourm    .   k - +0 buckler
rNeg     . . .     Faith    .   H - +1 scale mail {MR+}
rPois    .         Spirit   .   h - +1 hat {MR+}
rElec    .         Reflect  +   r - +2 cloak
rCorr    .         Harm     .   p - +2 pair of gloves
MR       ++...                  (no boots)
Stlth    ..........             m - amulet of reflection
HPRegen  0.00/turn              L - +4 ring of protection
MPRegen  0.13/turn              F - +4 ring of protection

@: about to teleport, can't hop, non-regenerating, diseased, studying
Summonings, very slow
A: +LOS, swims, slowness 1, strong legs 1
a: Hop, Bend Time, Renounce Religion


You were on level 3 of the Abyss.
You worshipped Cheibriados.
Cheibriados was aware of your devotion.
You were hungry.

You visited 2 branches of the dungeon, and saw 10 of its levels.
You visited the Abyss 1 time.
You also visited: Sewer.

You collected 552 gold pieces.
You spent 232 gold pieces at shops.

Inventory:

Hand Weapons
 a - a +1 long sword (weapon)
 b - a +1 hunting sling
Missiles
 I - 30 sling bullets
Armour
 c - a +0 kite shield
 h - a +1 hat of magic resistance (worn)
 k - a +0 buckler (worn)
 p - a +2 pair of gloves (worn)
 r - a +2 cloak (worn)
 s - a scarf of resistance
 w - a +2 robe of the Archmagi
 H - a +1 scale mail of magic resistance (worn)
Jewellery
 m - an amulet of reflection (around neck)
 C - an uncursed ring of ice
 F - a +4 ring of protection (right hand)
 L - a +4 ring of protection (left hand)
Wands
 n - a wand of disintegration (9)
 E - a wand of polymorph (12)
Scrolls
 d - a scroll of identify
 y - a scroll of remove curse
 K - a scroll of amnesia
Potions
 g - a potion of brilliance
 i - 2 potions of curing
 j - 2 potions of mutation
 l - 6 potions of flight
 q - 3 potions of lignification
 t - 2 potions of resistance
Books
 z - a manual of Summonings
Comestibles
 f - 15 rations


   Skills:
 * Level 11.5 Fighting
 * Level 11.3 Long Blades
 + Level 3.1 Slings
 + Level 8.7 Armour
 - Level 1.0 Stealth
 - Level 5.0 Shields
 + Level 3.0 Invocations
 - Level 1.2 Evocations


You had 9 spell levels left.
You didn't know any spells.
Your spell library was empty.

Dungeon Overview and Level Annotations

Branches:
Dungeon (9/15)             Temple (1/1) D:7           Sewer (visited)
   Lair: D:8-11         Orc: D:9-12

Altars:
Cheibriados
Dithmenos
Elyvilon
Fedhas
Gozag
Hepliaklqana
Kikubaaqudgha
Makhleb
Okawaru
Qazlal
Ru
Sif Muna
Trog
Uskayaw
Vehumet
Wu Jian
Xom
Yredelemnul
Zin
The Shining One
Lugonu

Shops:
D:5 *?[?(

Annotations:
D:9 Psyche


Innate Abilities, Weirdness & Mutations

You can be seen from farther away. (+LOS)
You can swim through water.
You cover ground slowly.
You can hop short distances.


Message History

The ancient zyme closely misses you. The tormentor closely misses you. x2
You barely miss the large abomination.
The large abomination is moderately damaged.
You block the ancient zyme's attack.
The ancient zyme hits you but does no damage.
The tormentor closely misses you.
You riposte.
You slash the tormentor!
The tormentor is lightly wounded.
You block the tormentor's attack.
You block the large abomination's attack.
A small abomination and a simulacrum come into view.
You feel better. The ancient zyme closely misses you.
The ancient zyme hits you but does no damage.
You feel ill. The large abomination hits you!
* * * LOW HITPOINT WARNING * * *
You hit the large abomination.
The large abomination is moderately damaged.
The tormentor hits you but does no damage. x2
The ancient zyme hits you but does no damage.
The ancient zyme closely misses you. The large abomination hits you!!
You die...

# ## #. [# # ##
##. ### # # #
.#. .# . .###
.###.### .
#....##§#.§# #
.. . #.§@#§##
####[.####§X2x§#
#....# #.§§x§##
# ..## . #..#§§
§ .. ##....####.
# . .# .##..# #
### ## . ..#.#
.# # # #. . # .
#.#Z.. # . .. ..
#. . #. #. . .


You could see an ancient zyme, a large abomination, a tormentor (slow) and a
small abomination.

Vanquished Creatures
  Gastronok (D:8)
  A thrashing horror (Abyss:1)
  A silent spectre (Abyss:1)
  A hippogriff (D:7)
  A ynoxinul (Abyss:3)
  An ice beast (D:4)
  A necrophage (D:8)
  3 sky beasts
  5 ogres
  4 centaurs
  A crocodile (D:7)
  4 bullfrogs
  A wyvern skeleton (D:8)
  A water moccasin skeleton (D:6)
  3 scorpions
  A wight (D:5)
  A bullfrog zombie (D:6)
  4 crimson imps
  4 hounds
  4 centaur zombies (D:6)
  A starcursed mass (Abyss:1)
  3 jellies
  7 orc wizards
  6 orc priests
  A bullfrog skeleton (D:5)
  A centaur skeleton (D:4)
  2 iguanas
  6 worker ants
  A hound zombie (D:8)
  A hound skeleton (D:6)
  Robin (D:1)
  4 worker ant zombies
  14 adders
  4 shadow imps
  A white imp (Abyss:1)
  An ufetubus (Abyss:3)
  4 oozes (Sewer)
  2 adder zombies (D:6)
  An adder skeleton (D:5)
  7 worms
  4 dart slugs
  8 leopard geckos
  22 orcs
  13 bats
  10 giant cockroaches
  10 goblins
  9 hobgoblins
  13 jackals
  2 kobolds
  3 quokkas
  2 ball pythons (Sewer)
  6 frilled lizards
  A giant cockroach zombie (D:6)
  A jackal skeleton (D:8)
  A jackal zombie (D:6)
  A quokka skeleton (D:8)
  8 rats
225 creatures vanquished.

Vanquished Creatures (others)
  A plant (D:5)
1 creature vanquished.

Grand Total: 226 creatures vanquished

Notes
Turn   | Place    | Note
-------+----------+-------------------------------------------
     0 | D:1      | malesh the Barachi Fighter began the quest for the Orb.
     0 | D:1      | Reached XP level 1. HP: 18/18 MP: 1/1
   117 | D:1      | Reached XP level 2. HP: 24/25 MP: 2/2
   624 | D:2      | Noticed Robin
   765 | D:1      | Reached XP level 3. HP: 26/30 MP: 3/3
   911 | D:1      | Killed Robin
   929 | D:2      | Reached XP level 4. HP: 20/38 MP: 4/4
  1381 | D:2      | Found a glowing golden altar of the Shining One.
  1638 | D:2      | Reached skill level 5 in Fighting
  1846 | D:2      | Found a sacrificial altar of Ru.
  1859 | D:2      | Reached XP level 5. HP: 25/44 MP: 5/5
  2126 | D:3      | Found an iron altar of Okawaru.
  2677 | D:3      | Found an opulent altar of Gozag.
  2687 | D:3      | Found a hide-covered altar of Uskayaw.
  2690 | D:3      | Found a hazy altar of Hepliaklqana.
  2693 | D:3      | Found a radiant altar of Vehumet.
  3285 | D:3      | Found a shadowy altar of Dithmenos.
  3286 | D:3      | Found a bloodstained altar of Trog.
  3399 | D:4      | Found an ornate altar of the Wu Jian Council.
  3604 | D:4      | Noticed an ice beast
  3616 | D:4      | Killed an ice beast
  3616 | D:4      | Reached skill level 5 in Long Blades
  3616 | D:4      | Reached XP level 6. HP: 42/52 MP: 6/6
  3742 | D:4      | Reached skill level 5 in Armour
  4301 | D:4      | Reached XP level 7. HP: 59/59 MP: 7/7
  4662 | D:5      | Entered Level 5 of the Dungeon
  4723 | D:5      | Found Kexickiat's Magic Scroll Shoppe.
  4733 | D:5      | Bought a scroll of enchant armour for 90 gold pieces
  4733 | D:5      | Bought a scroll of blinking for 90 gold pieces
  4940 | D:5      | Found a glowing drain.
  4950 | D:5      | HP: 3/60 [worker ant (6)]
  5006 | Sewer    | Entered a sewer
  5894 | D:5      | Found Doifips's Assorted Antiques.
  5907 | D:5      | Bought a scroll of identify for 52 gold pieces
  5917 | D:5      | Found a stormy altar of Qazlal.
  5921 | D:5      | Found a blossoming altar of Fedhas.
  5965 | D:5      | Reached XP level 8. HP: 67/67 MP: 8/8
  6002 | D:5      | Found Kuquasibb's Magic Scroll Boutique.
  6043 | D:5      | Found Vusot's Armour Emporium.
  6095 | D:5      | Found Lueter's Weapon Shop.
  7948 | D:6      | Reached XP level 9. HP: 45/75 MP: 9/9
  8174 | D:6      | Found a shimmering blue altar of Sif Muna.
  9409 | D:7      | Reached skill level 5 in Shields
  9548 | D:7      | Reached skill level 1 in Evocations
  9638 | D:7      | Found a staircase to the Ecumenical Temple.
  9656 | Temple   | Entered the Ecumenical Temple
  9685 | Temple   | Became a worshipper of Cheibriados the Contemplative
 10274 | D:7      | Reached skill level 10 in Fighting
 10355 | D:8      | Reached skill level 1 in Stealth
 10380 | D:8      | Noticed Gastronok
 10411 | D:8      | Reached * piety under Cheibriados
 10780 | D:8      | Reached skill level 10 in Long Blades
 10780 | D:8      | Reached skill level 1 in Invocations
 10963 | D:8      | Reached XP level 10. HP: 75/86 MP: 10/10
 10973 | D:8      | Reached skill level 1 in Slings
 11210 | D:8      | Killed Gastronok
 11834 | D:9      | Noticed Psyche
 11840 | D:9      | Cast into level 1 of the Abyss (Psyche)
 11890 | Abyss:1  | Noticed a thrashing horror
 11890 | Abyss:1  | Noticed an orange demon
 11900 | Abyss:1  | Killed a thrashing horror
 11976 | Abyss:1  | Noticed a starcursed mass
 11979 | Abyss:1  | Noticed a great orb of eyes
 11984 | Abyss:1  | Noticed a large abomination
 11987 | Abyss:1  | Noticed a spatial maelstrom
 12092 | Abyss:1  | Noticed a smoke demon
 12105 | Abyss:1  | Noticed a bone dragon
 12117 | Abyss:1  | Noticed a thrashing horror
 12323 | Abyss:3  | Noticed a large abomination
 12341 | Abyss:3  | Slain by a large abomination

Illustrated notes

Levels and vault maps discovered:
D:1:      onia_arrival_pyramid, layout_loops_ring, corexii_leaking_fountain
D:2:      layout_basic, lemuel_coloured_pillars_altar, marbit_many_paths,
          minmay_rat_gold_closets, uniq_robin
D:3:      layout_loops_cross, chequers_temple_overflow_statue_of_worship,
          grunt_temple_overflow_cloverleaf, okawaru_trees_1, first_ration,
          minmay_between
D:4:      layout_gridville, lemuel_crystal_altar, minmay_cut_off
D:5:      layout_gridville, grunt_temple_overflow_forces_of_nature,
          enter_ossuary_1, serial_shops, shop, shop,
          nicolae_shop_overgrown_old_shop, shop_fountains, kennysheep_mini_moat,
          cheibrodos_sewer_entry_drain, minmay_manual_mail
D:6:      layout_layer_cave, overflow_temple_1_default, serial_undead,
          serial_undead_b, serial_undead_a, serial_undead_c, serial_undead_f,
          serial_undead_e, serial_undead_a, minmay_misc_feat_x
D:7:      layout_basic, minmay_temple_entry_glassed_door
D:8:      layout_basic, serial_aquarium, aquarium_bridge_long_joined
          [aquarium_subvault_wall, aquarium_subvault_bridge,
          aquarium_subvault_bridge, aquarium_subvault_bridge,
          aquarium_subvault_bridge, aquarium_subvault_bridge],
          aquarium_window_corridor_1, aquarium_window_1, aquarium_window_2,
          aquarium_window_fake, aquarium_view_2e, uniq_gastronok
D:9:      layout_rooms, nicolae_ashenzari_panopticon,
          nicolae_overflow_hidden_temple, lair_entry_dummy, uniq_psyche
Temple:   corrupted_temple
Abyss:3:  base:
D:11

Skill      XL: |  1  2  3  4  5  6  7  8  9 10 |
---------------+-------------------------------+-----
Fighting       | 4 5 6 7 8 10 11 | 11.5
Long Blades    | 3 4 5 7 8 10 11 | 11.3
Armour         | 4 5 6 7 8 |  8.7
Shields        | 4 5 |  5.0
Evocations     | 1 |  1.2
Stealth        | 1 |  1.0
Invocations    | 1 3 |  3.0
Slings         | 3 |  3.1

Action                   |  1- 3 |  4- 6 |  7- 9 | 10-12 || total
-------------------------+-------+-------+-------+-------++-------
Melee: Long sword        |    91 |   237 |   685 |   126 ||  1139
Invok: Bend Time         |       |       |       |     2 ||     2
 Abil: Hop               |       |       |     2 |     2 ||     4
  Use: Scroll            |       |     8 |    14 |    11 ||    33
       Potion            |       |       |     3 |     8 ||    11
  Eat: Chunk             |       |    12 |    21 |     1 ||    34
       Ration            |       |       |     1 |       ||     1
Armor: Scale mail        |    51 |   121 |   313 |    78 ||   563
Dodge: Dodged            |    34 |    63 |   239 |    67 ||   403
Block: Kite shield       |    59 |   133 |   103 |       ||   295
       Buckler           |       |       |   235 |    76 ||   311
       Reflection        |       |       |     3 |     1 ||     4
       Rpst.: Long sword |    12 |    22 |    86 |    18 ||   138
